cohdb
Replays
Latest Replays
All Replays
Popular Replays
Top Player Replays
Match Explorer
How It Works
Community
CoH3 Stats
Reddit
Sign in to upload your games and track your stats! →
Sign in with Steam
Match 45526558
Unlisted
Match 45526558
Overview
Messages
Build Orders
End
Construct Infanterie Kompanie
GrW 34 Mortar Team
MG 42 Machine Gun Team
Selects Breakthrough Battlegroup
Selects Assault Grenadiers
Sniper
MG 42 Bunker
Grenadier Squad
Construct Luftwaffe Kompanie
Medical Station
Support Elements
Grenadier Squad
Selects Rapid Production
Grenadier Squad
Selects Smoke Bombing Run
MG 42 Machine Gun Team
Wirbelwind Flakpanzer
Selects Incendiary Bombing Run
Selects Incendiary Bombing Run
Grenadier Squad
DendroidSoldier
Junkz
Arkshan
Cornrow Wallace
Skull Throne
Kray-Tos
0
0
Comments
sign in to comment!
No comments posted yet!